 Dungeon Crawl Stone Soup version 0.31-a0-1237-gabc64e778c (webtiles) character file.

Game seed: 15930744821633670383

23 Rebeltree the Stinger (level 3, -3/25 HPs)
             Began as a Djinni Fire Elementalist on Dec 15, 2023.
             Slain by Crazy Yiuf
             ... wielding a +4 quarterstaff of chaos
              (11 damage)
             ... on level 2 of the Dungeon.
             The game lasted 00:06:17 (964 turns).

Rebeltree the Stinger (Djinni Fire Elementalist)     Turns: 964, Time: 00:06:17

Health: -3/25      AC:  2    Str:  6    XL:     3   Next: 12%
Gold:   64         EV: 13    Int: 17    God:
                   SH:  0    Dex: 17

rFire   + + .        f - +2 short sword (flame)
rCold   x . .        (no shield)
rNeg    . . .        a - +0 robe
rPois   ∞            (no helmet)
rElec   .            (no cloak)
rCorr   .            (no gloves)
SInv    .            (boots unavailable)
Will    .....        (no amulet)
Stlth   +++          (no ring)
HPRegen 0.24/turn    (no ring)
MPRegen 0.00/turn

%: infuse magic (-4 HP)
@: flying
A: sickness immunity, fire resistance 2, cold vulnerability 1, float, innate
caster, HP casting, extra vitality 1, camouflage 1, agile 1
a: no special abilities


You were on level 2 of the Dungeon.
You visited 1 branch of the dungeon, and saw 2 of its levels.

You collected 64 gold pieces.

Inventory:

Hand Weapons
 b - a +0 short sword
 f - a +2 short sword of flaming (weapon)
Armour
 a - a +0 robe (worn)
Magical Staves
 d - a staff of air
Scrolls
 g - a scroll of enchant weapon {unknown}
 h - a scroll of enchant armour {unknown}
 j - a scroll of identify {unknown}
 m - a scroll of vulnerability {unknown}
Potions
 c - a potion of curing {unknown}
 e - a potion of resistance {unknown}
 i - a potion of enlightenment {unknown}
 k - a potion of mutation
 l - a potion of attraction {unknown}


   Skills:
 + Level 0.3 Staves
 + Level 2.9 Dodging
 + Level 2.1 Stealth
 + Level 3.0 Spellcasting
 + Level 3.0 Conjurations
 + Level 3.0 Hexes
 + Level 3.0 Summonings
 + Level 3.0 Necromancy
 + Level 3.0 Translocations
 + Level 3.0 Transmutations
 + Level 3.0 Fire Magic
 + Level 3.0 Ice Magic
 + Level 3.0 Air Magic
 + Level 3.0 Earth Magic
 + Level 3.0 Poison Magic


You knew the following spells:

 Your Spells              Type           Power      Damage    Failure   Level
a - Foxfire               Conj/Fire      48%        2x1d6     4%          1
b - Scorch                Fire           24%        2d6       8%          2
c - Volatile Blastmotes   Fire/Tloc      24%        2d12      16%         3
d - Inner Flame           Hex/Fire       12%        N/A       16%         3
e - Flame Wave            Conj/Fire      12%        2d6       45%         4
f - Sting                 Tmut/Pois      48%        1d5       4%          1
Your spell library was empty.

Dungeon Overview and Level Annotations

Branches:
Dungeon (2/15)

Altars:

Shops:
D:2 !

Annotations:
D:2 Crazy Yiuf


Innate Abilities, Weirdness & Mutations

You are immune to sickness and miasma.
You are immune to poison.
Your flesh is very heat resistant. (rF++)
You are vulnerable to cold. (rC-)
You float through the air rather than walking.
You learn spells naturally, not from books.
Your magical power is your life essence.
You have superior vitality. (+4 MHP)
Your skin changes colour to match your surroundings (Stealth+).
You are agile. (Dex +4, Str/Int -1)


Message History

There is an entrance to Xipedecvi's Distillery here.
A rat comes into view.
A rat is nearby!
The rat squeaks loudly.
You conjure some foxfire!
The foxfire hits the rat.
The rat is severely wounded.
The foxfire hits the rat.
You kill the rat!
There is an entrance to Xipedecvi's Distillery here.
There is a stone staircase leading up here.
You need no library to learn spells.
You have nothing you can fire or use right now.
A cloud of volatile blastmotes flares up around you!
Okay, then.
You reach down and open the door.
A cloud of volatile blastmotes flares up around you!
Crazy Yiuf hits you with a +4 quarterstaff of chaos!
Crazy Yiuf burns you. Crazy Yiuf attacks as he pursues you!
Crazy Yiuf hits you but does no damage.
The cloud of blastmotes explodes!
The concussive blast engulfs Crazy Yiuf.
Crazy Yiuf is moderately wounded.
The concussive blast engulfs you. You resist.
You are too injured to fight recklessly!
You are too injured to fight recklessly!
Casting: Scorch (safe; 7% risk of failure)
Press: ? - help, Q - select action, (/) - cycle Dir - look around, f - activate Look: Crazy Yiuf, wielding a +4 quarterstaff of chaos and wearing a +0 cloak (moderately wounded) Flames lash Crazy Yiuf.
Crazy Yiuf is heavily wounded.
Crazy Yiuf's fire resistance burns away.
* * * LOW HITPOINT WARNING * * *
Crazy Yiuf barely misses you.
Crazy Yiuf is nearby!
It was a potion of mutation.
You feel extremely strange.
You feel agile.
Your skin functions as natural camouflage.
Crazy Yiuf hits you with a +4 quarterstaff of chaos!
You die...

######...
.........
#####
########.....
#)..# #..#
#..... #...#
##.# #.....
... #.#
#..##. #'#
#.#####..##.
#g##
#...........
##@#
#######..###
#.##
#.......###
##.#
#.#####....
##.## #.#
####. ##...#
#.# #. #....#
#.# ## #....#
#.# ##..##
#.# #...# #.#


You could see Crazy Yiuf (combustible).

Vanquished Creatures
  A worm (D:2)
  5 ball pythons
  3 endoplasms (D:1)
  2 giant cockroaches (D:1)
  2 hobgoblins (D:1)
  A quokka (D:2)
  2 kobolds (D:1)
  3 rats
19 creatures vanquished.

Vanquished Creatures (others)
  45 foxfires
45 creatures vanquished.

Grand Total: 64 creatures vanquished

Notes
Turn   | Place    | Note
-------+----------+-------------------------------------------
     0 | D:1      | Rebeltree the Djinni Fire Elementalist began the quest for
                  | the Orb.
     0 | D:1      | Rebeltree set off with the following spells memorised:
                  | Foxfire, Scorch, Volatile Blastmotes, Inner Flame, Flame
                  | Wave.
     0 | D:1      | Reached XP level 1. HP: 15/15 MP: 0/0
    92 | D:1      | Reached XP level 2. HP: 12/21 MP: 0/0
   686 | D:2      | Reached XP level 3. HP: 19/25 MP: 0/0
   686 | D:2      | Learned a level 1 spell: Sting
   757 | D:2      | Found Xipedecvi's Distillery.
   837 | D:2      | Found a runed translucent door.
   838 | D:2      | Noticed Crazy Yiuf
   964 | D:2      | Gained mutation: You are agile. (Dex +4, Str/Int -1)
                  | [potion of mutation]
   964 | D:2      | Gained mutation: Your skin changes colour to match your
                  | surroundings (Stealth+). [potion of mutation]
   964 | D:2      | Slain by Crazy Yiuf

Illustrated notes

Levels and vault maps discovered:
D:1:      reono_arrival_mine, layout_basic
D:2:      layout_loops_ring, serial_shops, shop, uniq_crazy_yiuf_cottage

Skill      XL: |  1  2 |
---------------+-------+-----
Spellcasting   | |  3.0
Conjurations   | |  3.0
Hexes          | |  3.0
Summonings     | |  3.0
Necromancy     | |  3.0
Translocations | |  3.0
Transmutations | |  3.0
Fire Magic     | |  3.0
Ice Magic      | |  3.0
Air Magic      | |  3.0
Earth Magic    | |  3.0
Poison Magic   | |  3.0
Stealth        | 2 |  2.1
Staves         | |  0.3
Dodging        | |  2.9

Action                     || total
---------------------------++-------
  Melee: Staff             ||     4
         Short sword       ||     2
   Cast: Foxfire           ||    27
         Volatile Blastmot ||     2
         Scorch            ||     1
    Use: Potion            ||     1
 Armour: Robe              ||     6
  Dodge: Dodged            ||     6

Table legend: (Time is in decaauts)
 A = Elapsed time spent in this place.
 B = Non-inter-level travel time spent in this place.
 C = Inter-level travel time spent in this place.
 D = Time resting spent in this place.
 E = Time spent auto-exploring this place.
 F = Levels seen in this place.
 G = Mean time per level.
                   A        B        C        D        E       F      G
               +--------+--------+--------+--------+--------+-----+--------+
         Total |    963 |    963 |      0 |      0 |    404 |   2 |  481.5 |
       Dungeon |    963 |    963 |      0 |      0 |    404 |   2 |  481.5 |
               +--------+--------+--------+--------+--------+-----+--------+

Top non-repeatable levels by time:
     D:1: 651 daAuts
     D:2: 311 daAuts
